Americans vs Falcons

Created - Sunday, December 06, 2015 at 03:44

Goals
1 2 3 OT1 SO T
Americans 1 0 1 0 2 3
Falcons 0 0 2 0 1 2
Shots
1 2 3 OT1 SO T
Americans 18 4 6 0 4 28
Falcons 6 9 12 2 4 29

1st period

1. Americans , Grant Clitsome 8 (Dany Heatley, Spencer Abbott) at 17:08 (PP)

Penalties :
Duncan Siemens (SPR) for Holding Stick (Minor) at 3:08, Duncan Siemens (SPR) for Hooking (Minor) at 6:04, Eric Tangradi (SPR) for Slashing (Minor) at 16:11, Ville Pokka (SPR) for Fighting (Major) at 17:21, Tim Jackman (RCH) for Fighting (Major) at 17:21, Tim Jackman (RCH) for instigated a fight (Minor) at 17:21, Tim Jackman (RCH) for instigated a fight (10 Minutes Misconduct) at 17:21, Drayson Bowman (SPR) for Roughing (Minor) at 17:24

2nd period

No Goal

Penalties :
Eric Tangradi (SPR) for Fighting (Major) at 1:56, Dany Heatley (RCH) for Fighting (Major) at 1:56, Dany Heatley (RCH) for instigated a fight (Minor) at 1:56, Dany Heatley (RCH) for instigated a fight (10 Minutes Misconduct) at 1:56, Dan Kelly (SPR) for Hooking (Minor) at 11:29

3rd period

2. Falcons , Joey Hishon 11 (Emile Poirier) at 1:49
3. Falcons , Markus Granlund 7 (Nathan Beaulieu, Greg Rallo) at 3:37
4. Americans , Tim Jackman 12 (Nick Cousins) at 9:34 (PP)

Penalties :
Duncan Siemens (SPR) for High sticking (Minor) at 9:31, Chris Breen (RCH) for Roughing (Minor) at 17:05

Overtime #1

No Goal

Penalties :
No Penalty

Shootout

Penalty Shot by Nick Cousins for Americans - Stopped by Christopher Gibson
Penalty Shot by Tobias Rieder for Falcons - Stopped by Jason LaBarbera
Penalty Shot by Spencer Abbott for Americans - Goal!
Penalty Shot by Dmitrij Jaskin for Falcons - Stopped by Jason LaBarbera
Penalty Shot by Nick Drazenovic for Americans - Shot Misses the Net
Penalty Shot by Markus Granlund for Falcons - Goal!
Penalty Shot by Ruslan Fedotenko for Americans - Goal!
Penalty Shot by Freddie Hamilton for Falcons - Stopped by Jason LaBarbera

Penalties :
No Penalty

Goalie Stats

Jason LaBarbera (RCH), 27 saves from 29 shots - (0.931), W, 8-2-0, 65:00 minutes
Christopher Gibson (SPR), 26 saves from 28 shots - (0.929), OTL, 10-3-3, 65:00 minutes

Players Stats for Americans

Player Name              G  A  P  +/- PIM S  H  SB GA TA FO     MP     PP MP  PK MP  
------------------------------------------------------------------------------------
Chris Breen              0  0  0  -1  2   0  2  0  0  2  0/0    16:20   0:00   1:18 
Dany Heatley             0  1  1  -1  17  3  2  0  1  0  0/0    13:38   2:35   1:38 
Dylan DeMelo             0  0  0  -1  0   0  0  1  0  1  0/0    24:08   3:28   1:31 
Grant Clitsome           1  0  1  -1  0   5  4  0  0  1  0/0    27:32   3:32   2:30 
Jake Chelios             0  0  0   0  0   0  0  1  0  1  0/0    24:29   3:32   0:00 
Jerome Samson            0  0  0  -1  0   0  2  0  5  0  1/2    14:17   0:26   0:11 
Justin Hodgman           0  0  0  -1  0   1  2  0  4  1  7/12   17:00   3:27   0:00 
Kale Kessy               0  0  0  -1  0   0  1  2  0  0  0/0    12:25   0:22   0:00 
Marc-Andre Cliche        0  0  0   0  0   0  0  2  2  1  0/5    15:39   0:00   3:34 
Nate Schmidt             0  0  0  -1  0   5  1  0  1  2  0/0    22:25   3:28   1:31 
Nick Cousins             0  1  1   0  0   6  3  1  4  0  9/17   18:45   3:33   0:00 
Nick Drazenovic          0  0  0   0  0   1  2  0  2  0  3/5    17:23   0:23   0:00 
Nick Sorkin              0  0  0   0  0   1  1  1  0  0  0/0    16:36   0:55   2:38 
Peter Andersson          0  0  0   0  0   0  1  1  1  0  0/0    17:33   0:00   1:12 
Petri Kontiola           0  0  0  -1  0   1  2  0  0  0  1/2    11:05   0:00   0:00 
Ruslan Fedotenko         0  0  0   0  0   0  1  0  0  2  1/1    16:31   3:07   0:12 
Spencer Abbott           0  1  1   0  0   2  1  0  2  0  0/0    15:31   3:27   0:00 
Tim Jackman              1  0  1  -1  17  3  4  0  2  0  1/1    12:54   2:45   0:00 

Players Stats for Falcons

Player Name              G  A  P  +/- PIM S  H  SB GA TA FO     MP     PP MP  PK MP  
------------------------------------------------------------------------------------
Alex Broadhurst          0  0  0   0  0   1  0  0  0  0  0/0     3:49   0:00   0:00 
Colton Parayko           0  0  0   0  0   0  3  0  1  2  0/0    20:54   1:44   3:09 
Dan Kelly                0  0  0   0  2   0  0  0  0  0  0/0     5:19   0:00   0:00 
Dave Steckel             0  0  0   0  0   0  1  1  0  1  2/3     5:46   0:00   0:00 
Dmitrij Jaskin           0  0  0   0  0   6  1  1  10 0  0/1    25:06   1:33   3:39 
Drayson Bowman           0  0  0   1  2   0  4  0  1  0  0/0    17:30   2:27   0:13 
Duncan Siemens           0  0  0   1  6   0  3  1  0  1  0/0    14:53   0:00   0:00 
Emile Poirier            0  1  1   1  0   2  0  1  1  0  1/1    16:59   0:00   1:06 
Eric Tangradi            0  0  0   1  7   2  0  0  0  0  0/0    14:41   0:00   0:00 
Freddie Hamilton         0  0  0   0  0   2  2  1  0  0  0/0    16:53   1:33   2:02 
Greg Rallo               0  1  1   1  0   2  0  0  2  1  0/0    16:36   2:28   0:00 
Joey Hishon              1  0  1   1  0   6  0  0  0  0  3/9    17:06   0:00   1:21 
Markus Granlund          1  0  1   1  0   3  0  0  4  0  8/13   20:51   2:28   2:27 
Nathan Beaulieu          0  1  1   1  0   2  1  3  0  2  0/0    29:39   2:17   3:51 
Slater Koekkoek          0  0  0   1  0   0  2  0  0  0  0/0    18:51   0:46   0:03 
Tobias Rieder            0  0  0   0  0   2  1  0  2  3  8/18   25:02   1:33   3:12 
Ville Pokka              0  0  0   1  5   1  0  0  2  0  0/0    20:07   1:31   3:48 
Vincent LoVerde          0  0  0   0  0   0  1  2  0  1  0/0    20:54   1:44   3:09 

3 Stars

1 - Joey Hishon (SPR)
2 - Grant Clitsome (RCH)
3 - Markus Granlund (SPR)

Power Play

Americans - 2 on 6 Attempt(s) - 33.33%
Falcons - 0 on 3 Attempt(s) - 0.00%

Penalty Kill

Americans - 3 on 3 Attempt(s) - 100.00% - Score 0 goal in Penalty Kill
Falcons - 4 on 6 Attempt(s) - 66.67% - Score 0 goal in Penalty Kill

Team Stat

Americans - Hits : 29 - Faceoff Wins : 23 - Blocked Shots : 9 - Penalty Minutes : 36
Falcons - Hits : 19 - Faceoff Wins : 22 - Blocked Shots : 10 - Penalty Minutes : 22

Official

Referees : Unknown
Linesman : Unknown

Game Notes

Ville Pokka beats up Tim Jackman at 17:21 of 1st period
Eric Tangradi and Dany Heatley fight to a draw at 1:56 of 2nd period

Finance

Level 1 -- Attendance: 1392 (69.60%) -- Ticket Income $48,720
Level 2 -- Attendance: 775 (77.50%) -- Ticket Income $11,625
Total Attendance: 2167 (72.23%)
Total Ticket Income: $60,345
Other Income: $29,569
Total Income: $89,914

Americans

5 vs 5 Forward 
   Center                   Left Wing                Right Wing               Time % Phy DF OF 
 1 Nick Cousins             Ruslan Fedotenko         Marc-Andre Cliche        35     1   1  3  
 2 Justin Hodgman           Dany Heatley             Tim Jackman              31     1   1  3  
 3 Nick Drazenovic          Nick Sorkin              Spencer Abbott           24     1   2  2  
 4 Petri Kontiola           Kale Kessy               Jerome Samson            10     1   3  1  

5 vs 5 Defense 
   Defense                  Defense                                           Time % Phy DF OF 
 1 Grant Clitsome           Chris Breen                                       35     2   2  1  
 2 Nate Schmidt             Dylan DeMelo                                      30     1   3  1  
 3 Peter Andersson          Jake Chelios                                      25     2   3  0  
 4 Grant Clitsome           Dylan DeMelo                                      10     1   2  2  

PowerPlay Forward 
   Center                   Left Wing                Right Wing               Time % Phy DF OF 
 1 Nick Cousins             Ruslan Fedotenko         Tim Jackman              55     0   0  5  
 2 Justin Hodgman           Dany Heatley             Spencer Abbott           45     0   1  4  

PowerPlay Defense
   Defense                  Defense                                           Time % Phy DF OF 
 1 Grant Clitsome           Jake Chelios                                      55     1   1  3  
 2 Nate Schmidt             Dylan DeMelo                                      45     1   2  2  

Penalty Kill 4 Players Forward 
   Center                   Wing                     Time % Phy DF OF 
 1 Marc-Andre Cliche        Dany Heatley             60     0   4  1  
 2 Nick Drazenovic          Tim Jackman              40     2   3  0  

Penalty Kill 4 Players Defense
   Defense                  Defense                  Time % Phy DF OF 
 1 Grant Clitsome           Chris Breen              55     2   3  0  
 2 Nate Schmidt             Dylan DeMelo             45     1   4  0  

Penalty Kill - 3 Players Forward 
   Forward                                           Time % Phy DF OF 
 1 Marc-Andre Cliche                                 60     1   3  1  
 2 Nick Drazenovic                                   40     2   3  0  

Penalty Kill - 3 Players Defense
   Defense                  Defense                  Time % Phy DF OF 
 1 Grant Clitsome           Chris Breen              55     3   2  0  
 2 Nate Schmidt             Dylan DeMelo             45     2   3  0  

4 vs 4 Forward 
   Center                   Wing                     Time % Phy DF OF 
 1 Nick Cousins             Tim Jackman              55     0   0  5  
 2 Justin Hodgman           Tim Jackman              45     0   1  4  

4 vs 4 Defense
   Defense                  Defense                  Time % Phy DF OF 
 1 Grant Clitsome           Jake Chelios             55     1   1  3  
 2 Nate Schmidt             Dylan DeMelo             45     1   2  2  

Last Minutes Offensive
   Center                   Left Wing                Right Wing               Defense                  Defense                  
   Nick Cousins             Spencer Abbott           Marc-Andre Cliche        Grant Clitsome           Nate Schmidt             

Last Minutes Defensive
   Center                   Left Wing                Right Wing               Defense                  Defense                  
   Marc-Andre Cliche        Nick Drazenovic          Tim Jackman              Grant Clitsome           Nate Schmidt             

Goaltenders
Starting : Jason LaBarbera          
Backup : Petr Mrazek              

Extra Forwards
Normal : Nick Drazenovic, Nick Sorkin, Jerome Samson - PP : Nick Drazenovic, Nick Sorkin - PK : Nick Sorkin
Extra Defensemen
Normal : Nate Schmidt, Jake Chelios, Dylan DeMelo - PP : Peter Andersson - PK : Peter Andersson, Jake Chelios
Penalty Shots
Nick Cousins, Spencer Abbott, Nick Drazenovic, Ruslan Fedotenko, Dany Heatley

Falcons

5 vs 5 Forward 
   Center                   Left Wing                Right Wing               Time % Phy DF OF 
 1 Tobias Rieder            Dmitrij Jaskin           Freddie Hamilton         35     1   2  2  
 2 Markus Granlund          Drayson Bowman           Greg Rallo               30     1   2  2  
 3 Joey Hishon              Eric Tangradi            Emile Poirier            22     1   2  2  
 4 Dave Steckel             Tobias Rieder            Dmitrij Jaskin           13     1   2  2  

5 vs 5 Defense 
   Defense                  Defense                                           Time % Phy DF OF 
 1 Nathan Beaulieu          Ville Pokka                                       35     1   2  2  
 2 Vincent LoVerde          Colton Parayko                                    30     1   2  2  
 3 Slater Koekkoek          Duncan Siemens                                    22     1   2  2  
 4 Dan Kelly                Nathan Beaulieu                                   13     1   2  2  

PowerPlay Forward 
   Center                   Left Wing                Right Wing               Time % Phy DF OF 
 1 Tobias Rieder            Dmitrij Jaskin           Freddie Hamilton         60     1   2  2  
 2 Markus Granlund          Drayson Bowman           Greg Rallo               40     1   2  2  

PowerPlay Defense
   Defense                  Defense                                           Time % Phy DF OF 
 1 Nathan Beaulieu          Ville Pokka                                       60     1   2  2  
 2 Vincent LoVerde          Colton Parayko                                    40     1   2  2  

Penalty Kill 4 Players Forward 
   Center                   Wing                     Time % Phy DF OF 
 1 Tobias Rieder            Dmitrij Jaskin           60     1   2  2  
 2 Markus Granlund          Freddie Hamilton         40     1   2  2  

Penalty Kill 4 Players Defense
   Defense                  Defense                  Time % Phy DF OF 
 1 Nathan Beaulieu          Ville Pokka              60     1   2  2  
 2 Vincent LoVerde          Colton Parayko           40     1   2  2  

Penalty Kill - 3 Players Forward 
   Forward                                           Time % Phy DF OF 
 1 Tobias Rieder                                     60     1   2  2  
 2 Dmitrij Jaskin                                    40     1   2  2  

Penalty Kill - 3 Players Defense
   Defense                  Defense                  Time % Phy DF OF 
 1 Nathan Beaulieu          Ville Pokka              60     1   2  2  
 2 Vincent LoVerde          Colton Parayko           40     1   2  2  

4 vs 4 Forward 
   Center                   Wing                     Time % Phy DF OF 
 1 Tobias Rieder            Dmitrij Jaskin           60     1   2  2  
 2 Markus Granlund          Freddie Hamilton         40     1   2  2  

4 vs 4 Defense
   Defense                  Defense                  Time % Phy DF OF 
 1 Nathan Beaulieu          Ville Pokka              60     1   2  2  
 2 Vincent LoVerde          Colton Parayko           40     1   2  2  

Last Minutes Offensive
   Center                   Left Wing                Right Wing               Defense                  Defense                  
   Tobias Rieder            Dmitrij Jaskin           Freddie Hamilton         Nathan Beaulieu          Ville Pokka              

Last Minutes Defensive
   Center                   Left Wing                Right Wing               Defense                  Defense                  
   Tobias Rieder            Dmitrij Jaskin           Freddie Hamilton         Nathan Beaulieu          Ville Pokka              

Goaltenders
Starting : Christopher Gibson       
Backup : Malcolm Subban           

Extra Forwards
Normal : Alex Broadhurst, Eric Tangradi, Joey Hishon - PP : Alex Broadhurst, Eric Tangradi - PK : Joey Hishon
Extra Defensemen
Normal : Slater Koekkoek, Duncan Siemens, Dan Kelly - PP : Slater Koekkoek - PK : Duncan Siemens, Dan Kelly
Penalty Shots
Tobias Rieder, Dmitrij Jaskin, Markus Granlund, Freddie Hamilton, Drayson Bowman

% Time on Ice - Americans

Lines # - Real PCT - Wanted PCT - Time Play
Normal Forward
1 - 24% - 35% - 11:15
2 - 37% - 31% - 17:28
3 - 19% - 24% - 9:09
4 - 20% - 10% - 9:11
Normal Defense
1 - 34% - 35% - 15:52
2 - 30% - 30% - 14:05
3 - 33% - 25% - 15:23
4 - 4% - 10% - 1:43
PP Forward
1 - 51% - 55% - 3:33
2 - 49% - 45% - 3:27
PP Defense
1 - 50% - 55% - 3:32
2 - 50% - 45% - 3:28
PK Forward
1 - 100% - 60% - 4:01
2 - 0% - 40% - 0:00
PK Defense
1 - 62% - 55% - 2:30
2 - 38% - 45% - 1:31
PK3 Forward
1 - 0% - 60%
2 - 0% - 40%
PK3 Defense
1 - 0% - 55%
2 - 0% - 45%
44 Forward
1 - 72% - 55% - 5:01
2 - 28% - 45% - 1:55
44 Defense
1 - 52% - 55% - 3:35
2 - 48% - 45% - 3:21
Last Minute Offensive  - 0:00
Last Minute Defensive  - 0:00
Total
Forward - 65:00
Defense - 65:00

% Time on Ice - Falcons

Lines # - Real PCT - Wanted PCT - Time Play
Normal Forward
1 - 25% - 35% - 11:58
2 - 31% - 30% - 14:37
3 - 31% - 22% - 14:42
4 - 12% - 13% - 5:46
Normal Defense
1 - 29% - 35% - 13:32
2 - 30% - 30% - 13:57
3 - 31% - 22% - 14:27
4 - 11% - 13% - 5:07
PP Forward
1 - 39% - 60% - 1:33
2 - 61% - 40% - 2:28
PP Defense
1 - 57% - 60% - 2:17
2 - 43% - 40% - 1:44
PK Forward
1 - 71% - 60% - 4:58
2 - 29% - 40% - 2:02
PK Defense
1 - 55% - 60% - 3:51
2 - 45% - 40% - 3:09
PK3 Forward
1 - 0% - 60%
2 - 0% - 40%
PK3 Defense
1 - 0% - 60%
2 - 0% - 40%
44 Forward
1 - 84% - 60% - 5:50
2 - 16% - 40% - 1:06
44 Defense
1 - 70% - 60% - 4:52
2 - 30% - 40% - 2:04
Last Minute Offensive  - 0:00
Last Minute Defensive  - 0:00
Total
Forward - 65:00
Defense - 65:00

Play by Play

1st period


0:01 of 1st period - Nick Cousins wins face-off versus Tobias Rieder in neutral zone.
0:04 of 1st period - Slapshot by Grant Clitsome.
0:04 of 1st period - Shot Blocked by Freddie Hamilton.
0:36 of 1st period - Slapshot by Dmitrij Jaskin.
0:36 of 1st period - Stopped by Jason LaBarbera with a rebound.
1:44 of 1st period - Snap shot by Joey Hishon.
1:44 of 1st period - Stopped by Jason LaBarbera with a rebound.
1:46 of 1st period - Slapshot by Colton Parayko.
1:46 of 1st period - Shot Misses the Net.
1:54 of 1st period - Slapshot by Joey Hishon.
1:54 of 1st period - Stopped by Jason LaBarbera without a rebound.
1:55 of 1st period - Dave Steckel wins face-off versus Petri Kontiola in Americans zone.
2:07 of 1st period - Snap shot by Petri Kontiola.
2:07 of 1st period - Stopped by Christopher Gibson with a rebound.
2:09 of 1st period - Wrist shot by Petri Kontiola.
2:09 of 1st period - Shot Misses the Net.
2:17 of 1st period - Wrist shot by Kale Kessy.
2:17 of 1st period - Shot Blocked by Duncan Siemens.
2:23 of 1st period - Slapshot by Kale Kessy.
2:23 of 1st period - Shot Misses the Net.
3:08 of 1st period - Minor Penalty to Duncan Siemens for Holding Stick.
3:09 of 1st period - Tobias Rieder wins face-off versus Justin Hodgman in Falcons zone.
3:29 of 1st period - Slapshot by Grant Clitsome.
3:29 of 1st period - Stopped by Christopher Gibson with a rebound.
3:41 of 1st period - Dmitrij Jaskin is hit by Justin Hodgman and loses puck.
4:04 of 1st period - Ville Pokka is hit by Grant Clitsome and loses puck.
4:15 of 1st period - Slapshot by Nick Cousins.
4:15 of 1st period - Shot Misses the Net.
4:29 of 1st period - Slapshot by Nate Schmidt.
4:29 of 1st period - Shot Misses the Net.
4:31 of 1st period - Snap shot by Dany Heatley.
4:31 of 1st period - Deflect By Spencer Abbott.
4:31 of 1st period - Shot Blocked by Nathan Beaulieu.
4:31 of 1st period - Puck is out of play.
4:32 of 1st period - Tobias Rieder wins face-off versus Justin Hodgman in Falcons zone.
5:08 of 1st period - Penalty to Duncan Siemens is over, Duncan Siemens is back on ice.
5:18 of 1st period - Grant Clitsome is hit by Duncan Siemens and loses puck.
5:38 of 1st period - Snap shot by Joey Hishon.
5:38 of 1st period - Stopped by Jason LaBarbera without a rebound.
5:39 of 1st period - Nick Drazenovic wins face-off versus Joey Hishon in Americans zone.
6:00 of 1st period - Snap shot by Nick Drazenovic.
6:00 of 1st period - Deflect By Emile Poirier.
6:00 of 1st period - Stopped by Christopher Gibson without a rebound.
6:01 of 1st period - Markus Granlund wins face-off versus Justin Hodgman in Falcons zone.
6:01 of 1st period - Markus Granlund is hit by Tim Jackman.
6:04 of 1st period - Minor Penalty to Duncan Siemens for Hooking.
6:05 of 1st period - Tobias Rieder wins face-off versus Nick Cousins in Falcons zone.
6:53 of 1st period - Dylan DeMelo is hit by Freddie Hamilton and loses puck.
7:00 of 1st period - Slapshot by Nate Schmidt.
7:00 of 1st period - Shot Misses the Net.
7:07 of 1st period - Icing by Dany Heatley.
7:08 of 1st period - Justin Hodgman wins face-off versus Tobias Rieder in Americans zone.
7:38 of 1st period - Slapshot by Markus Granlund.
7:38 of 1st period - Shot Misses the Net.
7:58 of 1st period - Wrist shot by Nick Cousins.
7:58 of 1st period - Stopped by Christopher Gibson with a rebound.
8:04 of 1st period - Penalty to Duncan Siemens is over, Duncan Siemens is back on ice.
8:39 of 1st period - Emile Poirier is hit by Jerome Samson.
10:01 of 1st period - Dave Steckel is hit by Tim Jackman and loses puck.
10:12 of 1st period - Dany Heatley is hit by Dave Steckel.
10:22 of 1st period - Nate Schmidt is hit by Tobias Rieder and loses puck.
11:43 of 1st period - Slapshot by Justin Hodgman.
11:43 of 1st period - Deflect By Tim Jackman.
11:43 of 1st period - Shot Misses the Net.
11:43 of 1st period - Puck is out of play.
11:44 of 1st period - Joey Hishon wins face-off versus Justin Hodgman in Falcons zone.
11:44 of 1st period - Joey Hishon is hit by Dany Heatley.
12:07 of 1st period - Emile Poirier is hit by Petri Kontiola and loses puck.
12:50 of 1st period - Nick Sorkin is hit by Slater Koekkoek and loses puck.
13:27 of 1st period - Off-side.
13:28 of 1st period - Justin Hodgman wins face-off versus Dave Steckel in neutral zone.
13:31 of 1st period - Dmitrij Jaskin is hit by Dany Heatley and loses puck.
13:51 of 1st period - Snap shot by Justin Hodgman.
13:51 of 1st period - Shot Misses the Net.
13:53 of 1st period - Slapshot by Dany Heatley.
13:53 of 1st period - Stopped by Christopher Gibson with a rebound.
14:25 of 1st period - Wrist shot by Jerome Samson.
14:25 of 1st period - Shot Blocked by Vincent LoVerde.
14:42 of 1st period - Slapshot by Nathan Beaulieu.
14:42 of 1st period - Deflect By Drayson Bowman.
14:42 of 1st period - Shot Misses the Net.
14:42 of 1st period - Puck is out of play.
14:43 of 1st period - Nick Cousins wins face-off versus Markus Granlund in Americans zone.
15:00 of 1st period - Marc-Andre Cliche is hit by Nathan Beaulieu and loses puck.
15:59 of 1st period - Wrist shot by Freddie Hamilton.
15:59 of 1st period - Deflect By Nick Drazenovic.
15:59 of 1st period - Stopped by Jason LaBarbera with a rebound.
16:11 of 1st period - Minor Penalty to Eric Tangradi for Slashing.
16:12 of 1st period - Nick Cousins wins face-off versus Tobias Rieder in Falcons zone.
16:17 of 1st period - Slapshot by Nick Cousins.
16:17 of 1st period - Stopped by Christopher Gibson with a rebound.
16:21 of 1st period - Snap shot by Tim Jackman.
16:21 of 1st period - Shot Blocked by Nathan Beaulieu.
16:23 of 1st period - Slapshot by Dylan DeMelo.
16:23 of 1st period - Shot Misses the Net.
16:25 of 1st period - Snap shot by Dylan DeMelo.
16:25 of 1st period - Shot Misses the Net.
16:29 of 1st period - Snap shot by Nick Cousins.
16:29 of 1st period - Deflect By Nathan Beaulieu.
16:29 of 1st period - Stopped by Christopher Gibson without a rebound.
16:30 of 1st period - Emile Poirier wins face-off versus Nick Cousins in Falcons zone.
16:43 of 1st period - Wrist shot by Dmitrij Jaskin.
16:43 of 1st period - Stopped by Jason LaBarbera without a rebound.
16:44 of 1st period - Justin Hodgman wins face-off versus Joey Hishon in Americans zone.
16:52 of 1st period - Snap shot by Grant Clitsome.
16:52 of 1st period - Stopped by Christopher Gibson without a rebound.
16:53 of 1st period - Justin Hodgman wins face-off versus Joey Hishon in Falcons zone.
17:00 of 1st period - Slapshot by Grant Clitsome.
17:00 of 1st period - Deflect By Spencer Abbott.
17:00 of 1st period - Stopped by Christopher Gibson with a rebound.
17:02 of 1st period - Snap shot by Spencer Abbott.
17:02 of 1st period - Shot Misses the Net.
17:04 of 1st period - Snap shot by Spencer Abbott.
17:04 of 1st period - Stopped by Christopher Gibson with a rebound.
17:08 of 1st period - Slapshot by Grant Clitsome.
17:08 of 1st period - Goal by Grant Clitsome - Americans : 1 - Falcons : 0.
17:09 of 1st period - Tim Jackman wins face-off versus Markus Granlund in neutral zone.
17:14 of 1st period - Snap shot by Tim Jackman.
17:14 of 1st period - Stopped by Christopher Gibson without a rebound.
17:15 of 1st period - Justin Hodgman wins face-off versus Markus Granlund in Falcons zone.
17:21 of 1st period - Ville Pokka beats up Tim Jackman.
17:21 of 1st period - Penalty to Ville Pokka for Fighting.
17:21 of 1st period - Penalty to Tim Jackman for Fighting.
17:21 of 1st period - Penalty to Tim Jackman for instigated a fight.
17:21 of 1st period - Penalty to Tim Jackman for instigated a fight.
17:22 of 1st period - Markus Granlund wins face-off versus Marc-Andre Cliche in Falcons zone.
17:24 of 1st period - Minor Penalty to Drayson Bowman for Roughing.
17:25 of 1st period - Tobias Rieder wins face-off versus Nick Cousins in Falcons zone.
17:55 of 1st period - Slapshot by Nick Cousins.
17:55 of 1st period - Stopped by Christopher Gibson with a rebound.
18:24 of 1st period - Tobias Rieder is hit by Nick Cousins.
18:47 of 1st period - Slapshot by Nate Schmidt.
18:47 of 1st period - Stopped by Christopher Gibson with a rebound.
18:49 of 1st period - Wrist shot by Nate Schmidt.
18:49 of 1st period - Stopped by Christopher Gibson with a rebound.
18:51 of 1st period - Wrist shot by Justin Hodgman.
18:51 of 1st period - Stopped by Christopher Gibson with a rebound.
19:19 of 1st period - Grant Clitsome is hit by Slater Koekkoek and loses puck.
19:21 of 1st period - Penalty to Tim Jackman is over, Jerome Samson is send on ice.
19:24 of 1st period - Penalty to Drayson Bowman is over, Drayson Bowman is back on ice.
19:51 of 1st period - Snap shot by Grant Clitsome.
19:51 of 1st period - Stopped by Christopher Gibson with a rebound.
19:53 of 1st period - Backhand shot by Grant Clitsome.
19:53 of 1st period - Stopped by Christopher Gibson without a rebound.
19:54 of 1st period - Jerome Samson wins face-off versus Joey Hishon in Falcons zone.
Goals for this period are 1 for Americans vs 0 for Falcons.
Shots for this period are 18 for Americans vs 6 for Falcons.

2nd period


0:01 of 2nd period - Tobias Rieder wins face-off versus Nick Cousins in neutral zone.
0:13 of 2nd period - Nathan Beaulieu is hit by Grant Clitsome and loses puck.
1:25 of 2nd period - Greg Rallo is hit by Peter Andersson and loses puck.
1:56 of 2nd period - Eric Tangradi and Dany Heatley fight to a draw.
1:56 of 2nd period - Penalty to Eric Tangradi for Fighting.
1:56 of 2nd period - Penalty to Dany Heatley for Fighting.
1:56 of 2nd period - Penalty to Dany Heatley for instigated a fight.
1:56 of 2nd period - Penalty to Dany Heatley for instigated a fight.
1:57 of 2nd period - Markus Granlund wins face-off versus Marc-Andre Cliche in Americans zone.
2:21 of 2nd period - Penalty to Tim Jackman is over, Jerome Samson is send on ice.
2:38 of 2nd period - Grant Clitsome is hit by Freddie Hamilton and loses puck.
3:11 of 2nd period - Snap shot by Markus Granlund.
3:11 of 2nd period - Stopped by Jason LaBarbera without a rebound.
3:12 of 2nd period - Markus Granlund wins face-off versus Marc-Andre Cliche in Americans zone.
3:23 of 2nd period - Dmitrij Jaskin is hit by Nick Sorkin and loses puck.
3:56 of 2nd period - Penalty to Dany Heatley is over, Jerome Samson is send on ice.
4:01 of 2nd period - Nate Schmidt is hit by Drayson Bowman and loses puck.
5:30 of 2nd period - Slapshot by Nathan Beaulieu.
5:30 of 2nd period - Shot Blocked by Kale Kessy.
5:32 of 2nd period - Slapshot by Nathan Beaulieu.
5:32 of 2nd period - Stopped by Jason LaBarbera with a rebound.
5:34 of 2nd period - Slapshot by Nathan Beaulieu.
5:34 of 2nd period - Shot Misses the Net.
7:15 of 2nd period - Snap shot by Nick Sorkin.
7:15 of 2nd period - Stopped by Christopher Gibson with a rebound.
7:31 of 2nd period - Dave Steckel is hit by Chris Breen and loses puck.
7:56 of 2nd period - Emile Poirier is hit by Jerome Samson and loses puck.
8:33 of 2nd period - Markus Granlund is hit by Kale Kessy.
9:08 of 2nd period - Nick Drazenovic is hit by Vincent LoVerde and loses puck.
9:13 of 2nd period - Slapshot by Tobias Rieder.
9:13 of 2nd period - Stopped by Jason LaBarbera with a rebound.
9:49 of 2nd period - Marc-Andre Cliche is hit by Drayson Bowman.
9:57 of 2nd period - Wrist shot by Chris Breen.
9:57 of 2nd period - Shot Misses the Net.
10:09 of 2nd period - Nathan Beaulieu is hit by Chris Breen and loses puck.
10:46 of 2nd period - Vincent LoVerde is hit by Grant Clitsome.
11:09 of 2nd period - Dan Kelly is hit by Nate Schmidt and loses puck.
11:29 of 2nd period - Minor Penalty to Dan Kelly for Hooking.
11:30 of 2nd period - Nick Cousins wins face-off versus Dmitrij Jaskin in Falcons zone.
11:30 of 2nd period - Snap shot by Nate Schmidt.
11:30 of 2nd period - Shot Misses the Net.
11:32 of 2nd period - Slapshot by Dylan DeMelo.
11:32 of 2nd period - Deflect By Nick Cousins.
11:32 of 2nd period - Deflect By Nathan Beaulieu.
11:32 of 2nd period - Stopped by Christopher Gibson with a rebound.
11:36 of 2nd period - Slapshot by Nate Schmidt.
11:36 of 2nd period - Shot Blocked by Dmitrij Jaskin.
11:38 of 2nd period - Slapshot by Nate Schmidt.
11:38 of 2nd period - Stopped by Christopher Gibson without a rebound.
11:39 of 2nd period - Joey Hishon wins face-off versus Nick Cousins in Falcons zone.
11:48 of 2nd period - Slapshot by Nate Schmidt.
11:48 of 2nd period - Stopped by Christopher Gibson without a rebound.
11:49 of 2nd period - Tobias Rieder wins face-off versus Nick Cousins in Falcons zone.
11:58 of 2nd period - Dmitrij Jaskin is hit by Nick Cousins and loses puck.
12:21 of 2nd period - 10 Minutes Misconduct Penalty to Tim Jackman is over.
13:29 of 2nd period - Penalty to Dan Kelly is over, Dan Kelly is back on ice.
13:54 of 2nd period - Snap shot by Markus Granlund.
13:54 of 2nd period - Shot Misses the Net.
14:20 of 2nd period - Snap shot by Joey Hishon.
14:20 of 2nd period - Shot Blocked by Marc-Andre Cliche.
14:22 of 2nd period - Snap shot by Ville Pokka.
14:22 of 2nd period - Shot Misses the Net.
14:24 of 2nd period - Slapshot by Joey Hishon.
14:24 of 2nd period - Stopped by Jason LaBarbera with a rebound.
14:26 of 2nd period - Slapshot by Ville Pokka.
14:26 of 2nd period - Stopped by Jason LaBarbera with a rebound.
14:40 of 2nd period - Wrist shot by Dmitrij Jaskin.
14:40 of 2nd period - Stopped by Jason LaBarbera with a rebound.
15:29 of 2nd period - Peter Andersson is hit by Duncan Siemens and loses puck.
15:34 of 2nd period - Snap shot by Greg Rallo.
15:34 of 2nd period - Shot Misses the Net.
15:53 of 2nd period - Off-side.
15:54 of 2nd period - Nick Drazenovic wins face-off versus Tobias Rieder in neutral zone.
16:49 of 2nd period - Drayson Bowman is hit by Ruslan Fedotenko and loses puck.
16:56 of 2nd period - 10 Minutes Misconduct Penalty to Dany Heatley is over.
16:59 of 2nd period - Icing by Greg Rallo.
17:00 of 2nd period - Petri Kontiola wins face-off versus Markus Granlund in Falcons zone.
17:13 of 2nd period - Wrist shot by Jerome Samson.
17:13 of 2nd period - Shot Misses the Net.
17:52 of 2nd period - Marc-Andre Cliche is hit by Duncan Siemens and loses puck.
18:38 of 2nd period - Slapshot by Nate Schmidt.
18:38 of 2nd period - Shot Blocked by Nathan Beaulieu.
19:15 of 2nd period - Wrist shot by Eric Tangradi.
19:15 of 2nd period - Stopped by Jason LaBarbera without a rebound.
19:16 of 2nd period - Nick Cousins wins face-off versus Tobias Rieder in Americans zone.
19:33 of 2nd period - Snap shot by Dmitrij Jaskin.
19:33 of 2nd period - Stopped by Jason LaBarbera with a rebound.
19:35 of 2nd period - Slapshot by Tobias Rieder.
19:35 of 2nd period - Stopped by Jason LaBarbera without a rebound.
19:36 of 2nd period - Justin Hodgman wins face-off versus Tobias Rieder in Americans zone.
19:43 of 2nd period - Freddie Hamilton is hit by Justin Hodgman and loses puck.
Goals for this period are 0 for Americans vs 0 for Falcons.
Shots for this period are 4 for Americans vs 9 for Falcons.

3rd period


0:01 of 3rd period - Ruslan Fedotenko wins face-off versus Tobias Rieder in neutral zone.
0:07 of 3rd period - Backhand shot by Dmitrij Jaskin.
0:07 of 3rd period - Stopped by Jason LaBarbera with a rebound.
0:09 of 3rd period - Slapshot by Nathan Beaulieu.
0:09 of 3rd period - Shot Blocked by Nick Cousins.
0:11 of 3rd period - Wrist shot by Dmitrij Jaskin.
0:11 of 3rd period - Shot Misses the Net.
0:54 of 3rd period - Grant Clitsome is hit by Colton Parayko and loses puck.
1:49 of 3rd period - Wrist shot by Emile Poirier.
1:49 of 3rd period - Deflect By Joey Hishon.
1:49 of 3rd period - Goal by Joey Hishon - Americans : 1 - Falcons : 1.
1:50 of 3rd period - Nick Cousins wins face-off versus Joey Hishon in neutral zone.
2:13 of 3rd period - Slapshot by Nathan Beaulieu.
2:13 of 3rd period - Stopped by Jason LaBarbera without a rebound.
2:14 of 3rd period - Nick Drazenovic wins face-off versus Tobias Rieder in Americans zone.
2:31 of 3rd period - Snap shot by Dmitrij Jaskin.
2:31 of 3rd period - Shot Blocked by Peter Andersson.
2:41 of 3rd period - Snap shot by Freddie Hamilton.
2:41 of 3rd period - Shot Blocked by Nick Sorkin.
3:18 of 3rd period - Snap shot by Markus Granlund.
3:18 of 3rd period - Stopped by Jason LaBarbera with a rebound.
3:20 of 3rd period - Slapshot by Ville Pokka.
3:20 of 3rd period - Shot Blocked by Jake Chelios.
3:22 of 3rd period - Snap shot by Greg Rallo.
3:22 of 3rd period - Stopped by Jason LaBarbera without a rebound.
3:23 of 3rd period - Markus Granlund wins face-off versus Justin Hodgman in Americans zone.
3:37 of 3rd period - Slapshot by Markus Granlund.
3:37 of 3rd period - Goal by Markus Granlund - Americans : 1 - Falcons : 2.
3:38 of 3rd period - Markus Granlund wins face-off versus Nick Cousins in neutral zone.
3:53 of 3rd period - Backhand shot by Greg Rallo.
3:53 of 3rd period - Deflect By Grant Clitsome.
3:53 of 3rd period - Stopped by Jason LaBarbera with a rebound.
5:43 of 3rd period - Snap shot by Emile Poirier.
5:43 of 3rd period - Stopped by Jason LaBarbera without a rebound.
5:44 of 3rd period - Markus Granlund wins face-off versus Jerome Samson in Americans zone.
6:36 of 3rd period - Emile Poirier is hit by Spencer Abbott and loses puck.
6:43 of 3rd period - Colton Parayko is hit by Nick Drazenovic.
8:16 of 3rd period - Nate Schmidt is hit by Drayson Bowman.
8:58 of 3rd period - Wrist shot by Dany Heatley.
8:58 of 3rd period - Stopped by Christopher Gibson with a rebound.
9:24 of 3rd period - Slapshot by Nate Schmidt.
9:24 of 3rd period - Shot Blocked by Dave Steckel.
9:26 of 3rd period - Snap shot by Nate Schmidt.
9:26 of 3rd period - Shot Misses the Net.
9:28 of 3rd period - Slapshot by Nate Schmidt.
9:28 of 3rd period - Stopped by Christopher Gibson without a rebound.
9:29 of 3rd period - Dave Steckel wins face-off versus Nick Cousins in Falcons zone.
9:31 of 3rd period - Minor Penalty to Duncan Siemens for High sticking.
9:32 of 3rd period - Nick Cousins wins face-off versus Tobias Rieder in Falcons zone.
9:34 of 3rd period - Snap shot by Tim Jackman.
9:34 of 3rd period - Goal by Tim Jackman - Americans : 2 - Falcons : 2.
9:35 of 3rd period - Nick Cousins wins face-off versus Markus Granlund in neutral zone.
11:00 of 3rd period - Snap shot by Nick Drazenovic.
11:00 of 3rd period - Shot Misses the Net.
11:39 of 3rd period - Tobias Rieder is hit by Tim Jackman.
12:01 of 3rd period - Markus Granlund is hit by Petri Kontiola and loses puck.
13:32 of 3rd period - Markus Granlund is hit by Nick Drazenovic and loses puck.
13:37 of 3rd period - Slapshot by Grant Clitsome.
13:37 of 3rd period - Shot Misses the Net.
13:39 of 3rd period - Wrist shot by Nick Drazenovic.
13:39 of 3rd period - Shot Misses the Net.
13:41 of 3rd period - Slapshot by Grant Clitsome.
13:41 of 3rd period - Shot Misses the Net.
14:19 of 3rd period - Snap shot by Tim Jackman.
14:19 of 3rd period - Stopped by Christopher Gibson with a rebound.
14:21 of 3rd period - Slapshot by Grant Clitsome.
14:21 of 3rd period - Shot Blocked by Vincent LoVerde.
14:23 of 3rd period - Snap shot by Dany Heatley.
14:23 of 3rd period - Shot Misses the Net.
14:47 of 3rd period - Tobias Rieder is hit by Nick Cousins and loses puck.
14:52 of 3rd period - Snap shot by Nick Cousins.
14:52 of 3rd period - Stopped by Christopher Gibson with a rebound.
15:37 of 3rd period - Backhand shot by Eric Tangradi.
15:37 of 3rd period - Shot Blocked by Kale Kessy.
15:39 of 3rd period - Wrist shot by Joey Hishon.
15:39 of 3rd period - Stopped by Jason LaBarbera with a rebound.
16:38 of 3rd period - Snap shot by Emile Poirier.
16:38 of 3rd period - Stopped by Jason LaBarbera without a rebound.
16:39 of 3rd period - Justin Hodgman wins face-off versus Joey Hishon in Americans zone.
16:50 of 3rd period - Snap shot by Grant Clitsome.
16:50 of 3rd period - Shot Blocked by Emile Poirier.
16:52 of 3rd period - Snap shot by Dany Heatley.
16:52 of 3rd period - Stopped by Christopher Gibson with a rebound.
17:05 of 3rd period - Minor Penalty to Chris Breen for Roughing.
17:06 of 3rd period - Markus Granlund wins face-off versus Marc-Andre Cliche in Americans zone.
17:09 of 3rd period - Wrist shot by Greg Rallo.
17:09 of 3rd period - Shot Blocked by Dylan DeMelo.
17:11 of 3rd period - Wrist shot by Greg Rallo.
17:11 of 3rd period - Shot Misses the Net.
17:39 of 3rd period - Wrist shot by Freddie Hamilton.
17:39 of 3rd period - Shot Hit the Post.
17:41 of 3rd period - Snap shot by Freddie Hamilton.
17:41 of 3rd period - Deflect By Nate Schmidt.
17:41 of 3rd period - Shot Misses the Net.
17:41 of 3rd period - Puck is out of play.
17:42 of 3rd period - Tobias Rieder wins face-off versus Marc-Andre Cliche in Americans zone.
17:43 of 3rd period - Wrist shot by Dmitrij Jaskin.
17:43 of 3rd period - Stopped by Jason LaBarbera with a rebound.
17:45 of 3rd period - Wrist shot by Dmitrij Jaskin.
17:45 of 3rd period - Shot Blocked by Marc-Andre Cliche.
18:05 of 3rd period - Marc-Andre Cliche is hit by Drayson Bowman and loses puck.
18:18 of 3rd period - Slapshot by Freddie Hamilton.
18:18 of 3rd period - Stopped by Jason LaBarbera with a rebound.
19:05 of 3rd period - Penalty to Chris Breen is over, Chris Breen is back on ice.
19:57 of 3rd period - Icing by Nick Drazenovic.
19:58 of 3rd period - Tobias Rieder wins face-off versus Nick Drazenovic in Americans zone.
Goals for this period are 1 for Americans vs 2 for Falcons.
Shots for this period are 6 for Americans vs 12 for Falcons.

Overtime #1


0:01 of 1st overtime period - Nick Cousins wins face-off versus Tobias Rieder in neutral zone.
0:22 of 1st overtime period - Ville Pokka is hit by Tim Jackman and loses puck.
0:53 of 1st overtime period - Jake Chelios is hit by Dmitrij Jaskin and loses puck.
1:19 of 1st overtime period - Dylan DeMelo is hit by Colton Parayko and loses puck.
1:52 of 1st overtime period - Snap shot by Eric Tangradi.
1:52 of 1st overtime period - Stopped by Jason LaBarbera with a rebound.
1:54 of 1st overtime period - Snap shot by Ville Pokka.
1:54 of 1st overtime period - Deflect By Alex Broadhurst.
1:54 of 1st overtime period - Stopped by Jason LaBarbera with a rebound.
2:16 of 1st overtime period - Icing by Ville Pokka.
2:17 of 1st overtime period - Joey Hishon wins face-off versus Nick Drazenovic in Falcons zone.
2:48 of 1st overtime period - Tim Jackman is hit by Colton Parayko and loses puck.
3:17 of 1st overtime period - Ville Pokka is hit by Grant Clitsome and loses puck.
3:24 of 1st overtime period - Wrist shot by Justin Hodgman.
3:24 of 1st overtime period - Shot Misses the Net.
Goals for this period are 0 for Americans vs 0 for Falcons.
Shots for this period are 0 for Americans vs 2 for Falcons.

ShootOut


5:00 of 1st overtime period - Penalty Shot by Nick Cousins for Americans.
5:00 of 1st overtime period - Backhand shot by Nick Cousins.
5:00 of 1st overtime period - Stopped by Christopher Gibson.
5:00 of 1st overtime period - Penalty Shot by Tobias Rieder for Falcons.
5:00 of 1st overtime period - Deke by Tobias Rieder.
5:00 of 1st overtime period - Stopped by Jason LaBarbera.
5:00 of 1st overtime period - Penalty Shot by Spencer Abbott for Americans.
5:00 of 1st overtime period - Deke by Spencer Abbott.
5:00 of 1st overtime period - Goal by Spencer Abbott.
5:00 of 1st overtime period - Penalty Shot by Dmitrij Jaskin for Falcons.
5:00 of 1st overtime period - Backhand shot by Dmitrij Jaskin.
5:00 of 1st overtime period - Stopped by Jason LaBarbera.
5:00 of 1st overtime period - Penalty Shot by Nick Drazenovic for Americans.
5:00 of 1st overtime period - Wrist shot by Nick Drazenovic.
5:00 of 1st overtime period - Shot Misses the Net.
5:00 of 1st overtime period - Penalty Shot by Markus Granlund for Falcons.
5:00 of 1st overtime period - Snap shot by Markus Granlund.
5:00 of 1st overtime period - Goal by Markus Granlund.
5:00 of 1st overtime period - Penalty Shot by Ruslan Fedotenko for Americans.
5:00 of 1st overtime period - Snap shot by Ruslan Fedotenko.
5:00 of 1st overtime period - Goal by Ruslan Fedotenko.
5:00 of 1st overtime period - Penalty Shot by Freddie Hamilton for Falcons.
5:00 of 1st overtime period - Deke by Freddie Hamilton.
5:00 of 1st overtime period - Stopped by Jason LaBarbera.